 Dungeon Crawl Stone Soup version 0.29.1-12-g30fa7ad0bf (webtiles) character file.

Game seed: 11176353718821503706

4 croobank the Sneak (level 1, -2/18 HPs)
             Began as a Demonspawn Delver on Jan 4, 2023.
             Slain by a necrophage (4 damage)
             ... on level 4 of the Dungeon.
             The game lasted 00:06:33 (510 turns).

croobank the Sneak (Demonspawn Delver)               Turns: 510, Time: 00:06:33

Health: -2/18      AC:  4    Str: 12    XL:     1   Next: 50%
Magic:  1/1        EV: 11    Int: 11    God:
Gold:   74         SH:  5    Dex: 14    Spells: 0/0 levels left

rFire   . . .      SeeInvis .   a - +0 hand axe
rCold   . . .      Faith    .   (no shield)
rNeg    . . .      Spirit   .   b - +1 leather armour
rPois   .          Reflect  +   (no helmet)
rElec   .          Harm     .   (no cloak)
rCorr   .          Rampage  .   (no gloves)
Will    .....                   (no boots)
Stlth   ++........              f - amulet of reflection
HPRegen 0.06/turn               (no ring)
MPRegen 0.07/turn               (no ring)

@: attractive
A: no striking features
a: no special abilities


You were on level 4 of the Dungeon.
You visited 1 branch of the dungeon, and saw 4 of its levels.

You collected 74 gold pieces.

Inventory:

Hand Weapons
 a - a +0 hand axe (weapon)
Armour
 b - a +1 leather armour (worn)
Jewellery
 f - an amulet of reflection (around neck)
 l - an amulet of the acrobat
Wands
 g - a wand of digging (3)
Scrolls
 c - a scroll of fog
 i - a scroll of identify
Potions
 e - 2 potions of ambrosia
 h - a potion of attraction
 k - a potion of curing {unknown}


   Skills:
 + Level 3.0 Fighting
 + Level 1.8 Axes
 + Level 1.8 Dodging
 + Level 4.5 Stealth


You couldn't memorise any spells.
You didn't know any spells.
Your spell library was empty.

Dungeon Overview and Level Annotations

Branches:
Dungeon (6/15)
 Temple: D:4-7

Altars:
Ashenzari
Nemelex Xobeh
Sif Muna

Annotations:
D:3 Ijyb
D:5 Eustachio


Message History

The gnoll hits you but does no damage. You block the gnoll's attack.
The gnoll closely misses you. The gnoll closely misses you.
You block the gnoll's attack.
The gnoll hits you from afar with a +0 spear.
You open the door.
A jelly comes into view.
Found 2 pink potions.
There is an open door here.
Okay, then.
The necrophage attacks as you move away!
The necrophage hits you.
The necrophage attacks as you move away!
The necrophage barely misses you.
The necrophage attacks as you move away!
The necrophage closely misses you.
As you read the scroll labelled NASIQA NASEON, it crumbles to dust.
It is a scroll of amnesia.
You feel forgetful for a moment. The necrophage misses you.
The goblin attacks as you move away! The goblin closely misses you.
The necrophage attacks as you move away!
The necrophage hits you but does no damage.
The goblin attacks as you move away! You block the goblin's attack.
As you read the scroll labelled SAILUI GAXOBRE, it crumbles to dust.
It is a scroll of identify.
e - 2 potions of ambrosia The necrophage closely misses you.
You block the goblin's attack. You block the gnoll's attack.
Okay, then.
As you read the scroll labelled DEOTAJESSUS, it crumbles to dust.
It is a scroll of enchant armour.
Your +0 leather armour glows green for a moment.
The necrophage hits you but does no damage.
You block the goblin's attack. The gnoll closely misses you.
The gnoll hits you from afar with a +0 spear!
* * * LOW HITPOINT WARNING * * *
Okay, then.
It was a potion of attraction.
You feel attractive to monsters. The necrophage hits you.
You die...

##...##
##.....##
##....!..##
#.........#
+.........+
#J........#
##...ggg.##
##...ng##
##..@##
##+##


You could see a necrophage, a jelly (asleep), 3 gnolls and a goblin.

Vanquished Creatures
  2 ball pythons (D:4)
  A quokka (D:4)
3 creatures vanquished.

Notes
Turn   | Place    | Note
-------+----------+-------------------------------------------
     0 | D:5      | croobank the Demonspawn Delver began the quest for the Orb.
     0 | D:5      | Reached XP level 1. HP: 18/18 MP: 1/1
    83 | D:6      | Found a sparkling altar of Nemelex Xobeh.
   102 | D:6      | Noticed a hound
   117 | D:5      | Noticed Eustachio
   144 | D:5      | Found a shimmering blue altar of Sif Muna.
   147 | D:5      | Found a broken altar of Ashenzari.
   171 | D:5      | Noticed an ogre
   191 | D:5      | Noticed an ogre
   205 | D:5      | Noticed an orc wizard
   227 | D:3      | Noticed Ijyb
   390 | D:4      | Noticed an iguana
   431 | D:4      | Noticed a necrophage
   496 | D:4      | Noticed a jelly
   510 | D:4      | Slain by a necrophage

Illustrated notes

Levels and vault maps discovered:
D:3:      layout_loops_corners, serial_shops, shop, minmay_misc_feat_ornament,
          kennysheep_cross_room, uniq_crazy_yiuf_cottage, uniq_ijyb
D:4:      layout_loops_corners, nicolae_hepliaklqana_hippocampus, uniq_pikel
D:5:      layout_rooms, minitemple, uniq_eustachio, uniq_menkaure
D:6:      layout_gridville, kb_xom_exploding_sheep,
          nicolae_overflow_crystal_walls

Action                   || total
-------------------------++-------
Melee: Hand axe          ||    18
  Use: Scroll            ||     5
       Potion            ||     2
 Stab: Sleeping          ||     1
Armor: Leather armour    ||     8
Dodge: Dodged            ||    23
Block: Other             ||     6
